 Dungeon Crawl Stone Soup version 0.31.0-12-g77e489cdc1 (webtiles) character file.

Game seed: 5000100553809671967

263 Gadfly the Insei (level 5, -3/41 HPs)
             Began as a Demonspawn Monk on Feb 12, 2024.
             Was an Initiate of Gozag.
             Slain by a sleepcap (20 damage)
             ... on level 5 of the Dungeon.
             The game lasted 00:05:06 (3401 turns).

Gadfly the Insei (Demonspawn Monk)                  Turns: 3401, Time: 00:05:07

Health: -3/41      AC:  2    Str: 13    XL:     5   Next: 98%
Magic:  5/5        EV:  2    Int: 10    God:    Gozag
Gold:   221        SH:  0    Dex: 16    Spells: 3/4 levels left

rFire   . . .        b - +1 dagger (venom)
rCold   . . .        c - orb {light}
rNeg    . . .        a - +0 robe
rPois   .            (no helmet)
rElec   .            (no cloak)
rCorr   .            (no gloves)
SInv    .            (no boots)
Will    .....        (no amulet)
Stlth   +            i - +5 ring of evasion
HPRegen 0.26/turn    (no ring)
MPRegen 0.09/turn

%: no passive effects
@: sleeping, glowing
A: repulsion field 1, powered by death 1, condensation shield
a: Renounce Religion, Potion Petition, Call Merchant, Bribe Branch


You were on level 5 of the Dungeon.
You worshipped Gozag.
Gozag was aware of your devotion.
You visited 2 branches of the dungeon, and saw 6 of its levels.

You collected 221 gold pieces.

Inventory:

Hand Weapons
 b - a +1 dagger of venom (weapon)
Armour
 a - a +0 robe (worn)
 c - an orb of light (worn)
Jewellery
 i - a +5 ring of evasion (left hand)
Wands
 j - a wand of flame (13) (quivered)
Scrolls
 g - 2 scrolls of teleportation
 h - 5 scrolls of identify
Potions
 d - 4 potions of enlightenment
 e - a potion of curing
 f - a potion of ambrosia


   Skills:
 - Level 3.0 Fighting
 + Level 3.4 Dodging
 * Level 4.0 Unarmed Combat
 * Level 2.9 Evocations
 * Level 2.2 Shapeshifting


You had 3 spell levels left.
You knew the following spells:

 Your Spells              Type           Power      Damage    Failure   Level
a - Apportation           Tloc           0%         N/A       36%         1

Your spell library contained the following spells:

 Spells                   Type           Power      Damage    Failure   Level
 Necrotise                Necr           0%         1d4       36%         1
 Sting                    Conj/Alch      0%         1d3       36%         1
 Summon Small Mammal      Summ           0%         N/A       36%         1
 Haunt                    Necr/Summ      0%         N/A       100%        7
 Infestation              Necr           0%         N/A       100%        8
 Animate Dead             Necr           Unusable   N/A       N/A         4

Dungeon Overview and Level Annotations

Branches:
Dungeon (5/15)             Temple (1/1) D:5

Altars:
Ashenzari
Cheibriados
Fedhas
Gozag
Nemelex Xobeh
Vehumet
Wu Jian

Shops:
D:1 *


Innate Abilities, Weirdness & Mutations

You are surrounded by a mild repulsion field. (EV +2)
You regenerate a little health from kills.
A meltable shield of frost defends you. (SH +4)


Message History

Found 13 gold pieces.
The iguana attacks as it pursues you! The iguana closely misses you.
You kill the iguana!
Your Unarmed Combat skill increases to level 4!
You start resting.
A sleepcap is nearby!
A sleepcap is nearby!
You see here 4 gold pieces.
You hit the sleepcap.
The sleepcap is lightly damaged.
The sleepcap releases spores at you.
You are engulfed in a cloud of soporific spores!
You fall asleep.
The sleepcap barely misses you. The sleepcap releases spores at you.
You wake up.
You hit the sleepcap.
The sleepcap is moderately damaged.
The sleepcap releases spores at you.
You are too injured to fight recklessly!
You hit the sleepcap.
The sleepcap is moderately damaged.
The sleepcap misses you.
Unknown command.
You hit the sleepcap.
The sleepcap is moderately damaged.
The sleepcap completely misses you.
Unknown command.
You are too injured to fight recklessly!
You hit the sleepcap.
The sleepcap is moderately damaged.
The sleepcap releases spores at you but does no damage.
You hit the sleepcap.
The sleepcap is heavily damaged.
The sleepcap releases spores at you.
You are engulfed in a cloud of soporific spores!
You fall asleep.
The sleepcap barely misses you. The sleepcap releases spores at you!!
You die...
Your body crumbles into a pile of gold.

##... ########
..#.###......# #
....##......# .
#.#.........+ #.
#.### .?....#
###.##...###...#
...f#........#.#
...##.$>..##f..#
.#....$$..#@.####
...###...##.....#
##...###.#..###..$#
#...#.#.## ..#
#.#.....# #
#....#.## ##.....#
###.##### #......#


You could see a sleepcap.

Vanquished Creatures
  A bombardier beetle (D:3)
  2 iguanas
  2 orc wizards
  4 adders
  A dart slug (D:1)
  2 ribbon worms
  9 orcs
  4 endoplasms
  2 giant cockroaches
  7 goblins
  6 hobgoblins
  2 jackals (D:3)
  3 quokkas
  11 ball pythons
  7 bats
  2 frilled lizards
  6 kobolds
  7 rats
78 creatures vanquished.

Notes
Turn   | Place    | Note
-------+----------+-------------------------------------------
     0 | D:1      | Gadfly the Demonspawn Monk began the quest for the Orb.
     0 | D:1      | Reached XP level 1. HP: 18/18 MP: 1/1
    12 | D:1      | Found Pebygiang's General Store.
   132 | D:1      | Gained mutation: You regenerate a little health from kills.
                  | [demonic ancestry]
   132 | D:1      | Reached XP level 2. HP: 22/24 MP: 2/2
   569 | D:1      | Reached skill level 3 in Unarmed Combat
   843 | D:1      | Reached skill level 1 in Evocations
   988 | D:2      | Reached skill level 1 in Shapeshifting
   988 | D:2      | Gained mutation: You are surrounded by a mild repulsion
                  | field. (EV +2) [demonic ancestry]
   988 | D:2      | Reached XP level 3. HP: 26/29 MP: 3/3
  1864 | D:3      | Gained mutation: A meltable shield of frost defends you.
                  | (SH +4) [demonic ancestry]
  1864 | D:3      | Reached XP level 4. HP: 35/35 MP: 4/4
  2814 | D:4      | Reached XP level 5. HP: 41/41 MP: 5/5
  3281 | D:4      | Learned a level 1 spell: Apportation
  3296 | D:5      | Entered Level 5 of the Dungeon
  3300 | D:5      | Found a staircase to the Ecumenical Temple.
  3309 | Temple   | Entered the Ecumenical Temple
  3322 | Temple   | Became a worshipper of Gozag Ym Sagoz the Greedy
  3355 | D:5      | Reached skill level 4 in Unarmed Combat
  3401 | D:5      | Slain by a sleepcap

Illustrated notes

Levels and vault maps discovered:
D:1:      mrwooster_arrival_statue_2, layout_basic, serial_shops,
          nicolae_shop_pleasant_corner_grove
D:2:      layout_basic
D:3:      layout_basic, grunt_ministairs_10
D:4:      layout_basic, sigmund_army
D:5:      layout_basic, lemuel_tele_altar, nicolae_overflow_hallway_of_the_gods,
          minmay_temple_entry_slanted, uniq_prince_ribbit1, uniq_grinder,
          uniq_eustachio
Temple:   nicolae_temple_bog_church

Skill      XL: |  1  2  3  4  5 |
---------------+----------------+-----
Unarmed Combat | 3 4 |  4.0
Evocations     | 1 2 |  2.9
Shapeshifting  | 1 2 |  2.2
Dodging        | 3 |  3.4
Fighting       | |  3.0

Action                     |  1- 3 |  4- 6 || total
---------------------------+-------+-------++-------
  Melee: Unarmed           |    75 |       ||    75
         Dagger            |    43 |   122 ||   165
  Evoke: Wand              |       |     1 ||     1
    Use: Scroll            |     5 |     1 ||     6
         Potion            |     1 |       ||     1
 Armour: Robe              |    47 |    37 ||    84
  Dodge: Dodged            |    94 |   103 ||   197
